 Dungeon Crawl Stone Soup version 0.28-a0-1117-g0bdd5ba030 (webtiles) character file.

Game seed: 15302369322782319455

159 fragbeetle the Changer (level 5, 0/38 HPs)
             Began as a Merfolk Transmuter on Dec 11, 2021.
             Succumbed to a scorpion's poison
             ... on level 2 of the Dungeon.
             The game lasted 00:06:04 (2347 turns).

fragbeetle the Changer (Merfolk Transmuter)         Turns: 2347, Time: 00:06:05

Health: 0/38       AC:  3    Str: 12    XL:     5   Next: 40%
Magic:  8/8        EV: 13    Int: 12    God:
Gold:   75         SH:  0    Dex: 15    Spells: 5/9 levels left

rFire   . . .      SeeInvis .     - Unarmed
rCold   . . .      Faith    .   (no shield)
rNeg    . . .      Spirit   .   f - +0 robe
rPois   .          Reflect  .   (no helmet)
rElec   .          Harm     .   (no cloak)
rCorr   .          Rampage  .   g - +0 pair of gloves
Will    .....                   (no boots)
Stlth   ++........              (no amulet)
HPRegen 0.12/turn               (no ring)
MPRegen 0.11/turn               (no ring)

@: lethally poisoned (0 -> -6)
A: (nimble swimmer 2), mertail
a: no special abilities


You were on level 2 of the Dungeon.
You visited 1 branch of the dungeon, and saw 2 of its levels.

You collected 75 gold pieces.

Inventory:

Armour
 f - a +0 robe (worn)
 g - a +0 pair of gloves (worn)
Scrolls
 a - a scroll of vulnerability {unknown}
 c - 2 scrolls of teleportation {unknown}
 e - a scroll of brand weapon {unknown}
 i - a scroll of enchant armour {unknown}
 j - a scroll of silence {unknown}
 k - 2 scrolls of magic mapping {unknown}
Potions
 d - a potion of magic


   Skills:
 * Level 2.0 Fighting
 * Level 4.0 Dodging
 + Level 0.8 Stealth
 + Level 4.0 Unarmed Combat
 + Level 2.6 Spellcasting
 * Level 4.3 Transmutations
 * Level 0.8 Poison Magic


You had 5 spell levels left.
You knew the following spells:

 Your Spells              Type           Power      Damage    Failure   Level
a - Beastly Appendage     Tmut           22%        N/A       4%          1
b - Spider Form           Tmut/Pois      7%         N/A       26%         3

Your spell library contained the following spells:

 Spells                   Type           Power      Damage    Failure   Level
 Wereblood                Tmut           11%        N/A       7%          2
 Ice Form                 Ice/Tmut       6%         N/A       71%         4


Dungeon Overview and Level Annotations

Branches:
Dungeon (2/15)

Altars:


Innate Abilities, Weirdness & Mutations

((You are quick and stealthy near water. (Stealth+, EV+, Speed+++)))
Your lower body shifts to a powerful aquatic tail in water.


Message History

The scorpion stings you.
You are more poisoned.
The scorpion poisons you!
You hit the scorpion but do no damage.
The scorpion is almost dead.
You feel very sick. The scorpion stings you!
You barely miss the scorpion. You headbutt the scorpion.
You kill the scorpion!
* * * LOW HITPOINT WARNING * * *
You feel very sick.
Your Fighting skill increases to level 2!
Your Dodging skill increases to level 4!
Your Unarmed Combat skill increases to level 4!
Your Transmutations skill increases to level 4!
You have reached level 5!
You feel agile.
There is a lethal amount of poison in your body!
There is a lethal amount of poison in your body!
It was a potion of magic.
Magic courses through your body.
* * * LOW HITPOINT WARNING * * *
You feel very sick.
It was a potion of lignification.
Your horns disappear.
You turn into a tree.
Your +0 pair of gloves melds into your body.
Your +0 robe melds into your body.
Your roots penetrate the ground.
* * * LOW HITPOINT WARNING * * *
You feel sick.
It was a potion of cancellation.
Your magical effects are unravelling.
You feel magically purged.
You feel less wooden.
Your +0 pair of gloves unmelds from your body.
Your +0 robe unmelds from your body.
* * * LOW HITPOINT WARNING * * *
You feel sick.
* * * LOW HITPOINT WARNING * * *
You feel sick.
You die...

#..(.##.........
#.#....##.........
#.#....###.......# ..........#
#.#....# #.......#
..........##.#.#....# #.......#
..........##.#.#....# #.......#
..........##.#.#....# #.......#
..........##.#)#....###.......#
..........##.#@#..(.'.........#
..........##.#†##...##.#'######
..........##.#.##...##.#.#
..........##...##...##.#.#
..........)s...........#.######
..........##############.......
..........# ########
###########


There were no monsters in sight!

Vanquished Creatures
  A scorpion (D:2)
  Natasha (twice) (D:2)
  4 dart slugs
  4 bats
  5 endoplasms
  3 giant cockroaches
  3 goblins
  5 hobgoblins
  8 kobolds
  A quokka (D:2)
  3 ball pythons (D:1)
  2 frilled lizards
  3 rats
44 creatures vanquished.

Notes
Turn   | Place    | Note
-------+----------+-------------------------------------------
     0 | D:1      | fragbeetle the Merfolk Transmuter began the quest for the
                  | Orb.
     0 | D:1      | Reached XP level 1. HP: 15/15 MP: 3/3
   186 | D:1      | Reached XP level 2. HP: 19/20 MP: 3/5
   576 | D:1      | Reached XP level 3. HP: 16/26 MP: 6/6
   986 | D:1      | Learned a level 3 spell: Spider Form
  1331 | D:2      | Noticed a scorpion
  1436 | D:2      | Noticed Natasha
  1448 | D:2      | Killed Natasha
  1449 | D:2      | Reached XP level 4. HP: 25/32 MP: 7/7
  2018 | D:2      | Noticed Natasha
  2026 | D:2      | Killed Natasha
  2342 | D:2      | Killed a scorpion
  2343 | D:2      | Reached XP level 5. HP: 9/38 MP: 8/8
  2346 | D:2      | HP: 1/38 [poisoned by a scorpion]
  2347 | D:2      | Succumbed to a scorpion's poison

Illustrated notes

Levels and vault maps discovered:
D:1:      scummos_arrival_simple_fountains, layout_rooms,
          wander_ebering_terrifying_dragon_lair
D:2:      layout_basic, uniq_natasha

Skill      XL: |  1  2  3  4 |
---------------+-------------+-----
Dodging        | 3 4 |  4.0
Transmutations | 3 4 |  4.3
Fighting       | 2 |  2.0
Unarmed Combat | 4 |  4.0
Stealth        | |  0.8
Spellcasting   | |  2.6
Poison Magic   | |  0.8

Action                   |  1- 3 |  4- 6 || total
-------------------------+-------+-------++-------
Melee: Unarmed           |    97 |    30 ||   127
       Headbutt          |    13 |     9 ||    22
       Punch             |     1 |       ||     1
 Cast: Beastly Appendage |    24 |     7 ||    31
  Use: Potion            |       |     3 ||     3
 Stab: Sleeping          |     1 |       ||     1
Armor: Robe              |    11 |     6 ||    17
Dodge: Dodged            |    38 |     9 ||    47

Table legend: (Time is in decaauts)
 A = Elapsed time spent in this place.
 B = Non-inter-level travel time spent in this place.
 C = Inter-level travel time spent in this place.
 D = Time resting spent in this place.
 E = Time spent auto-exploring this place.
 F = Levels seen in this place.
 G = Mean time per level.
                   A        B        C        D        E       F      G
               +--------+--------+--------+--------+--------+-----+--------+
         Total |   2338 |   2338 |      0 |    815 |    778 |   2 | 1169.0 |
       Dungeon |   2338 |   2338 |      0 |    815 |    778 |   2 | 1169.0 |
               +--------+--------+--------+--------+--------+-----+--------+

Top non-repeatable levels by time:
     D:1: 1224 daAuts
     D:2: 1114 daAuts
